 Dungeon Crawl Stone Soup version 0.30-a0-12-gd8047c6341 (webtiles) character file.

Game seed: 14789562545196766448

469 Spectrina the Magician (level 7, -4/49 HPs)
             Began as a Djinni Venom Mage on Aug 23, 2022.
             Killed by miscasting Mephitic Cloud (8 damage)
             ... on level 4 of the Dungeon.
             The game lasted 00:17:38 (1736 turns).

Spectrina the Magician (Djinni Venom Mage)          Turns: 1736, Time: 00:17:38

Health: -4/49      AC: 10    Str:  7    XL:     7   Next: 30%
Gold:   92         EV: 10    Int: 19    God:
                   SH:  0    Dex: 15

rFire   + + .      SeeInvis .    n - +0 sling
rCold   . . .      Faith    .    (no shield)
rNeg    . . .      Spirit   .    g - +4 ring mail of True Grit {*Corrode rC+ Dex+2 Stlth+}
rPois   ∞          Reflect  .    b - +0 helmet
rElec   .          Harm     .    (no cloak)
rCorr   .          Rampage  .    (no gloves)
Will    .....                    (boots unavailable)
Stlth   +++.......               (no amulet)
HPRegen 0.16/turn                (no ring)
MPRegen 0.00/turn                (no ring)

@: flying, very slightly contaminated
A: sickness immunity, fire resistance 2, cold vulnerability 1, float, innate
caster, HP casting, extra vitality 1
a: no special abilities


You were on level 4 of the Dungeon.
You visited 1 branch of the dungeon, and saw 6 of its levels.

You collected 92 gold pieces.

Inventory:

Hand Weapons
 n - a +0 sling (weapon)
Missiles
 d - 6 poisoned darts
Armour
 a - a +0 robe
 b - a +0 helmet (worn)
 g - the +4 ring mail of True Grit (worn) {*Corrode rC+ Dex+2 Stlth+}
   (You found it on level 3 of the Dungeon)

   Dex:       It affects your dexterity (+2).
   rC:        It protects you from cold.
   *Corrode:  It may corrode you when you take damage.
   Stlth:     It makes you more stealthy.
Scrolls
 f - a scroll of noise
 i - a scroll of acquirement
 k - a scroll of magic mapping
 m - a scroll of enchant weapon
Potions
 c - a potion of ambrosia {unknown}
 j - 2 potions of mutation {unknown}
 l - 2 potions of curing {unknown}


   Skills:
 + Level 2.5 Fighting
 + Level 3.7 Dodging
 + Level 3.0 Stealth
 * Level 4.0 Spellcasting
 + Level 2.5 Invocations


You couldn't memorise any spells.
You knew the following spells:

 Your Spells              Type           Power      Damage    Failure   Level
a - Sting                 Tmut/Pois      76%        1d6       9%          1
b - Beastly Appendage     Tmut           38%        N/A       9%          1
d - Static Discharge      Conj/Air       19%        3-6/arc   14%         2
l - Mephitic Cloud        Conj/Pois/Air  19%        N/A       26%         3
m - Wereblood             Tmut           19%        N/A       14%         2
q - Poisonous Vapours     Pois/Air       38%        N/A       14%         2
w - Olgreb's Toxic Radia  Pois           19%        N/A       65%         4
Your spell library was empty.

Dungeon Overview and Level Annotations

Branches:
Dungeon (6/15)
 Temple: D:4-7

Altars:
Gozag
Qazlal
Ru

Shops:
D:5 (


Innate Abilities, Weirdness & Mutations

You are immune to sickness and miasma.
You are immune to poison.
Your flesh is very heat resistant. (rF++)
You are vulnerable to cold. (rC-)
You float through the air rather than walking.
You learn spells naturally, not from books.
Your magical power is your life essence.
You have superior vitality. (+4 MHP)


Message History

Press: ? - help, Dir - move target, f/p - orc
Aim: an orc, wielding a +0 falchion Poisonous vapours surround the orc!
The orc is poisoned.
* * * LOW HITPOINT WARNING * * *
Unknown command.
Fire: n) +0 sling
Press: ? - help, Q - select action, (/) - cycle Shift-Dir - straight line, f/p - orc
Aim: an orc, wielding a +0 falchion (poisoned, 56% to hit)
You shoot a sling bullet. The sling bullet hits the orc.
The orc is lightly wounded.
Casting: Poisonous Vapours (safe; 14% risk of failure)
Confirm with . or Enter, or press ? or * to list all spells.
Aiming: Sting (safe; 9% risk of failure)
Press: ? - help, Shift-Dir - straight line, f/p - orc
Aim: an orc, wielding a +0 falchion (lightly wounded, poisoned, 74% to hit)
The sting hits the orc.
The orc looks even sicker.
The orc is almost dead.
* * * LOW HITPOINT WARNING * * *
Unknown command.
You kill the orc!
Things that are here:
a +0 falchion; an orc corpse
Found a helmet.
You see here a +0 spear.
Found a stone staircase leading up.
You see here a +0 helmet.
You start putting on your armour.
You continue putting on your +0 helmet. x4
You finish putting on your +0 helmet.
There is a stone staircase leading up here.
You fly upwards.
There is a stone staircase leading down here.
Unknown command.
Casting: Sting (safe; 9% risk of failure)
Confirm with . or Enter, or press ? or * to list all spells.
Aiming: Mephitic Cloud (dangerous; 26% risk of failure)
Press: ? - help, Shift-Dir - straight line You miscast Mephitic Cloud.
You are very lightly contaminated with residual magic.
The air around you crackles with energy!
You die...

...####
........###.####...##
...#
#.............##..##.
...#
#......#......#...#..
...#
#......#......#..##..
...#
#......#....n.#..#.._
...# .
.....#+##......#..#...
...#
#...##.#.#####...##.....
...# '....#>....#
##...###... ...# .
#...O..@.#.# #...# ####
...# .. #...##.....#
#...# ...##.#.
######.....# #...#
........ #..+.....# #...#
...##.######.##..)[.#
##..
...##........####'#.###..
...##.................#..
#####.......#####.##..#.#
#.......###.......#.# .


You could see an ogre.

Vanquished Creatures
  An ogre (D:4)
  3 scorpions
  4 iguanas
  Natasha (D:4)
  2 adders
  A gnoll (D:5)
  2 ufetubi (D:5)
  2 worms
  A dart slug (D:4)
  11 orcs
  4 ball pythons
  3 endoplasms
  A goblin (D:4)
  3 hobgoblins
  4 bats (D:3)
  A frilled lizard (D:3)
  2 kobolds (D:4)
  A rat (D:3)
47 creatures vanquished.

Notes
Turn   | Place    | Note
-------+----------+-------------------------------------------
     0 | D:1      | Spectrina the Djinni Venom Mage began the quest for the
                  | Orb.
     0 | D:1      | Spectrina set off with the following spells memorised:
                  | Sting, Poisonous Vapours, Mephitic Cloud, Olgreb's Toxic
                  | Radiance.
     0 | D:1      | Reached XP level 1. HP: 15/15 MP: 0/0
   193 | D:3      | Reached XP level 2. HP: 16/21 MP: 0/0
   337 | D:3      | Identified the +4 ring mail of True Grit {*Corrode rC+
                  | Dex+2 Stlth+}
   365 | D:3      | Reached XP level 3. HP: 18/26 MP: 0/0
   365 | D:3      | Learned a level 1 spell: Beastly Appendage
   574 | D:4      | Noticed an ogre
   580 | D:4      | Reached skill level 1 in Fighting
   580 | D:4      | Reached skill level 1 in Invocations
   580 | D:4      | Reached XP level 4. HP: 25/32 MP: 0/0
   677 | D:4      | Found a sacrificial altar of Ru.
   704 | D:4      | Found an opulent altar of Gozag.
   733 | D:4      | Noticed a necrophage
   802 | D:3      | Found a stormy altar of Qazlal.
   812 | D:3      | Reached skill level 3 in Spellcasting
  1083 | D:4      | Noticed Natasha
  1093 | D:4      | Killed Natasha
  1094 | D:4      | Reached XP level 5. HP: 15/37 MP: 0/0
  1094 | D:4      | Learned a level 2 spell: Static Discharge
  1166 | D:4      | Killed an ogre
  1167 | D:4      | Reached XP level 6. HP: 8/43 MP: 0/0
  1249 | D:5      | Entered Level 5 of the Dungeon
  1271 | D:5      | Found Poxtifas's Weapon Shop.
  1333 | D:5      | Reached XP level 7. HP: 12/49 MP: 0/0
  1333 | D:5      | Learned a level 2 spell: Wereblood
  1613 | D:5      | Identified a scroll of acquirement
  1688 | D:5      | HP: 1/49 [scorpion (3)]
  1691 | D:5      | Reached skill level 4 in Spellcasting
  1736 | D:4      | Killed by miscasting Mephitic Cloud

Illustrated notes

Levels and vault maps discovered:
D:1:      psy_arrival_statuary, layout_loops_ring,
          hellmonk_ecumenical_altar_leap_of_faith,
          minmay_misc_feat_more_columns, minmay_pentomino_t2
D:2:      layout_loops_ring, uniq_terence
D:3:      layout_basic, lemuel_round_altar, nzn_wu_jian_council_hall,
          nicolae_titane
D:4:      layout_basic, chei_slow_surprise, mainiacjoe_overflow_two_lobes,
          uniq_natasha
D:5:      layout_basic, regret_index_temple_of_mockery, serial_shops,
          shop_fountains
D:6:      kennysheep_windowed_halls, layout_basic, minmay_shop_damaged,
          st_stairs_3, nicolae_figureground_pulse

Skill      XL: |  1  2  3  4  5  6  7 |
---------------+----------------------+-----
Fighting       | 1 2 |  2.5
Stealth        | 2 3 |  3.0
Invocations    | 1 2 |  2.5
Spellcasting   | 3 4 |  4.0
Dodging        | 3 |  3.7

Action                   |  1- 3 |  4- 6 |  7- 9 || total
-------------------------+-------+-------+-------++-------
Melee: Unarmed           |     8 |     4 |     4 ||    16
 Fire: Sling             |       |       |    12 ||    12
Throw: Dart              |    18 |    18 |     2 ||    38
       Javelin           |       |     2 |     2 ||     4
 Cast: Sting             |    18 |    21 |     7 ||    46
       Poisonous Vapours |     5 |    19 |     1 ||    25
       Mephitic Cloud    |       |     1 |     1 ||     2
       Olgreb's Toxic Ra |       |       |     2 ||     2
       Wereblood         |       |       |     1 ||     1
  Use: Scroll            |       |       |     5 ||     5
       Potion            |       |       |     2 ||     2
Armor: Ring mail         |     2 |    12 |    31 ||    45
Dodge: Dodged            |    11 |    14 |    46 ||    71

Table legend: (Time is in decaauts)
 A = Elapsed time spent in this place.
 B = Non-inter-level travel time spent in this place.
 C = Inter-level travel time spent in this place.
 D = Time resting spent in this place.
 E = Time spent auto-exploring this place.
 F = Levels seen in this place.
 G = Mean time per level.
                   A        B        C        D        E       F      G
               +--------+--------+--------+--------+--------+-----+--------+
         Total |   1727 |   1689 |     38 |      0 |      0 |   6 |  287.8 |
       Dungeon |   1727 |   1689 |     38 |      0 |      0 |   6 |  287.8 |
               +--------+--------+--------+--------+--------+-----+--------+

Top non-repeatable levels by time:
     D:3: 536 daAuts
     D:4: 484 daAuts
     D:5: 412 daAuts
     D:2: 128 daAuts
     D:1: 105 daAuts
     D:6: 60 daAuts
